 Dungeon Crawl Stone Soup version 0.13-a0-2244-g236abbe (webtiles) character file.

51 HexAgony the Charmwright (level 2, 0/22 HPs)
             Began as a Demonspawn Skald on July 4, 2013.
             Slain by a gnoll
             ... wielding a +0,+0 spear
              (3 damage)
             ... on Level 1 of the Dungeon on July 5, 2013.
             The game lasted 00:04:27 (1330 turns).

HexAgony the Charmwright (Demonspawn Skald)         Turns: 1330, Time: 00:04:27

HP   0/22        AC  4     Str 12      XL: 2   Next: 24%
MP   4/4         EV 10     Int 13      God:
Gold 38          SH  0     Dex 12      Spells:  1 memorised,  4 levels left

Res.Fire  : . . .   See Invis. : .   a - +0 spear {=f}
Res.Cold  : . . .   Warding    : .   b - +0 leather armour
Life Prot.: . . .   Conserve   : .   (no shield)
Res.Poison: .       Res.Corr.  : .   (no helmet)
Res.Elec. : .       Clarity    : .   (no cloak)
Sust.Abil.: . .     Spirit.Shd : .   (no gloves)
Res.Mut.  : .       Stasis     : .   (no boots)
Res.Rott. : .       Flight     : +   (no amulet)
Saprovore : . . .                    (no ring)
                                     (no ring)

@: flying, not resistant to hostile enchantments, unstealthy
A: AC +1
a: no special abilities


You were on level 1 of the Dungeon.
You were not hungry.

You visited 1 branch of the dungeon, and saw 1 of its levels.

You collected 18 gold pieces.

Inventory:

Hand weapons
 a - a +0,+0 spear (weapon) {=f}
Armour
 b - a +0 leather armour (worn)
Comestibles
 d - an apple
 f - a meat ration
Books
 c - a book of Battle

   Spells                             Type                      Level
   *Infusion                          Charms                       1
   Shroud of Golubria                 Charms/Translocation         2
   Song of Slaying                    Charms                       2
   Spectral Weapon                    Hexes/Charms                 3
   Regeneration                       Charms/Necromancy            3
   Song of Shielding                  Charms                       5


   Skills:
 + Level 2.1 Fighting
 + Level 1.9 Polearms
 + Level 1.0 Armour
 + Level 1.0 Dodging
 + Level 2.1 Spellcasting
 + Level 3.0 Charms


You had 4 spell levels left.
You knew the following spells:

 Your Spells              Type           Power        Failure   Level  Hunger
a - Infusion              Chrm           #.....       10%         1    ##.....


Dungeon Overview and Level Annotations

Branches:
Dungeon (1/27)

Altars:


Innate Abilities, Weirdness & Mutations

You are partially covered in rugged brown scales (AC +1, +3% HP).


Message History

The gnoll hits you with a spear!
You barely miss the gnoll.
The gnoll is moderately wounded.
The gnoll hits you with a spear.
* * * LOW HITPOINT WARNING * * *
You closely miss the gnoll.
The gnoll is moderately wounded.
The gnoll misses you.
Firing (i - inventory): No suitable missiles.
Press: ? - help, Shift-Dir - straight line, f - gnoll
Aim: a gnoll, wielding a spear (moderately wounded)
Okay, then.
You feel very buoyant.
You fly up into the air.
It was a potion of flight.
The gnoll hits you with a spear.
* * * LOW HITPOINT WARNING * * *
You hit the gnoll.
The gnoll is severely wounded.
The gnoll hits you with a spear.
You die...

......#......###..#.#
#...
.........).##.....^.#
#.##
.......###.##.##..###
#.# ......#
#.........# #.#
#####.###.........#
#.# #.....##.###.(#
###^# .# #.#.#.##.#
#..# #...#
....###.#.#g##.#
#..###%###
#..........%@##.#
#..##...###
.###..%..%..#
#..........
#.#.###.##
##.##...###
#.#####.## #.###.##
#.# ##...## #.# #.#
#.###.###.###.# #.#
#.....# #.....# #.#
#####.###.##### #.#
##...## #.#


You could see a gnoll.

Vanquished Creatures
  2 giant geckos (D:1)
  3 jackals (D:1)
  A bat (D:1)
  A giant cockroach (D:1)
  A giant newt (D:1)
  A goblin (D:1)
  A kobold (D:1)
  2 rats (D:1)
12 creatures vanquished.

Vanquished Creatures (others)
  A giant newt (D:1)
1 creature vanquished.

Grand Total: 13 creatures vanquished

Notes
Turn   | Place    | Note
--------------------------------------------------------------
     0 | D:1      | HexAgony, the Demonspawn Skald, began the quest for the Orb.
     0 | D:1      | Reached XP level 1. HP: 16/16 MP: 2/2
   718 | D:1      | Reached skill level 1 in Dodging
   750 | D:1      | Reached skill level 1 in Armour
   759 | D:1      | Gained mutation: You are partially covered in rugged brown scales (AC +1, +3% HP). [demonic ancestry]
   759 | D:1      | Reached XP level 2. HP: 6/22 MP: 4/4
  1195 | D:1      | Reached skill level 3 in Charms
  1234 | D:1      | Upgraded the game from 0.13-a0-2236-g7be3fc8 to 0.13-a0-2244-g236abbe
  1330 | D:1      | Slain by a gnoll

Action                   || total
-------------------------++-------
Melee: Spear             ||    58
  Use: Potion            ||     2
